Map: Ruiny Serasu

Players

Gracz - Winner!

  • Race: Protoss Protoss

SI 1 (Bardzo łatwa)

  • Race: Terran Terran

VOD

Have the link to the VOD?

Description

Time

  • Played on: Feb. 26, 2016, 2:09 p.m.
  • Length: 18:12
Show
View Real Time Build Order
Export as new Build Order

Gracz Protoss - Winner!

Build Orders:  

Get SALT Encoding   

  12  0:03  Probe (Chrono Boost)  
  13  0:13  Probe (Chrono Boost)  
  14  0:18  Assimilator  
  14  0:28  Pylon  
  14  0:44  Pylon  
  14  0:45  Probe (Chrono Boost)  
  15  0:56  Probe (Chrono Boost)  
  16  1:08  Forge  
  16  1:10  Assimilator  
  16  1:43  Gateway  
  16  1:47  Probe (Chrono Boost)  
  17  1:58  Probe (Chrono Boost)  
  18  2:18  Nexus  
  18  2:34  Pylon  
  18  2:35  Assimilator  
  18  2:47  Gateway  
  18  2:50  Gateway  
  18  3:13  Pylon  
  18  3:23  Pylon  
  18  3:32  Photon Cannon  
  18  3:38  Photon Cannon  
  18  3:39  Zealot  
  20  3:47  Probe (Chrono Boost)  
  21  3:58  Probe (Chrono Boost)  
  23  4:10  Probe (Chrono Boost)  
  23  4:20  Probe (Chrono Boost)  
  23  4:21  Zealot x2  
  28  4:31  Probe (Chrono Boost)  
  29  4:34  Cybernetics Core  
  29  4:42  Probe (Chrono Boost)  
  29  4:44  Probe (Chrono Boost)  
  31  4:52  Probe (Chrono Boost)  
  32  4:55  Probe (Chrono Boost)  
  33  5:03  Probe (Chrono Boost)  
  33  5:05  Probe (Chrono Boost)  
  35  5:16  Stargate  
  35  5:24  Pylon  
  35  5:26  Pylon  
  35  5:28  Probe (Chrono Boost)  
  36  5:31  Mothership Core (Chrono Boost)  
  38  5:38  Probe (Chrono Boost)  
  39  5:49  Probe (Chrono Boost)  
  40  5:51  Robotics Facility  
  40  5:54  Twilight Council  
  40  6:23  Photon Cannon  
  40  6:28  Fleet Beacon  
  40  6:38  Stargate  
  40  6:39  Stargate  
  40  6:42  Probe (Chrono Boost)  
  40  6:43  Probe (Chrono Boost)  
  42  6:53  Probe (Chrono Boost)  
  44  6:54  Probe (Chrono Boost)  
  44  7:03  Probe (Chrono Boost)  
  44  7:04  Templar Archives  
  45  7:14  Charge, Probe (Chrono Boost)  
  46  7:17  Gateway  
  46  7:24  Probe (Chrono Boost)  
  46  7:26  Assimilator  
  47  7:35  Probe (Chrono Boost)  
  54  7:54  Nexus  
  54  8:23  Pylon  
  54  8:28  Assimilator  
  54  8:31  Assimilator  
  54  8:37  Pylon  
  54  8:54  Blink  
  54  9:12  Probe (Chrono Boost)  
  54  9:14  Probe (Chrono Boost)  
  56  9:23  Probe (Chrono Boost)  
  57  9:24  Probe (Chrono Boost)  
  57  9:28  Probe (Chrono Boost)  
  59  9:33  Probe (Chrono Boost)  
  60  9:39  Probe (Chrono Boost)  
  61  9:45  Void Ray  
  61  9:48  Void Ray  
  69  10:03  Protoss Ground Armor Level 1  
  69  10:21  Probe (Chrono Boost)  
  70  10:22  Probe (Chrono Boost)  
  71  10:31  Probe (Chrono Boost)  
  71  10:33  Probe (Chrono Boost)  
  73  10:42  Probe (Chrono Boost)  
  74  10:50  Robotics Bay  
  74  10:52  Immortal  
  74  10:55  Tempest  
  82  10:57  Void Ray  
  82  11:02  Stalker (Chrono Boost), Zealot (Chrono Boost)  
  92  11:06  Zealot (Chrono Boost)  
  92  11:26  Zealot (Chrono Boost)  
  92  11:29  Stalker (Chrono Boost)  
  92  11:31  Stargate  
  98  11:33  Zealot (Chrono Boost)  
  98  11:34  Stargate  
  98  11:47  Stargate  
  98  11:51  Stargate  
  98  11:57  Protoss Ground Weapons Level 1  
  98  11:58  Stargate  
  98  12:02  Stargate, Tempest  
  98  12:04  Void Ray  
  98  12:05  Stargate  
  108  12:11  Sentry (Chrono Boost)  
  108  12:14  Stalker (Chrono Boost), Probe  
  110  12:19  Probe  
  112  12:25  Probe  
  113  12:31  Probe  
  113  12:35  Probe  
  114  12:43  Probe  
  116  12:46  Probe  
  117  13:09  Pylon  
  117  13:14  Pylon x2  
  117  13:17  Pylon  
  117  13:26  Void Ray x2  
  125  13:31  Probe, Void Ray x2  
  125  13:32  Probe, Void Ray  
  139  13:35  Tempest, Void Ray  
  139  13:40  Zealot (Chrono Boost)  
  149  13:51  Protoss Shields Level 1  
  149  13:54  Pylon  
  149  14:03  Pylon  
  149  14:10  Pylon  
  149  14:12  Probe, Void Ray  
  149  14:13  Pylon  
  149  14:16  Zealot (Chrono Boost)  
  156  14:17  Pylon  
  156  14:20  Pylon, Void Ray  
  156  14:21  Zealot (Chrono Boost)  
  156  14:23  Nexus  
  164  14:25  Zealot (Chrono Boost)  
  164  14:26  Pylon  
  164  14:27  Assimilator, Tempest, Void Ray  
  164  14:31  Zealot (Chrono Boost), Void Ray  
  178  14:33  Assimilator  
  178  14:44  Zealot (Chrono Boost)  
  178  14:45  Zealot (Chrono Boost)  
  182  14:52  Zealot (Chrono Boost)  
  184  14:55  Zealot (Chrono Boost)  
  188  15:08  Zealot (Chrono Boost)  
  188  15:11  Zealot (Chrono Boost)  
  190  15:19  Zealot x2 (Chrono Boost)  
  194  15:32  Zealot (Chrono Boost)  
  196  15:54  Tempest  
Show
View Real Time Build Order
Export as new Build Order

SI 1 (Bardzo łatwa) Terran 

Build Orders:  

Get SALT Encoding   

  12  0:00  SCV  
  13  0:13  SCV  
  14  0:20  Supply Depot  
  14  0:37  Refinery  
  14  0:48  Barracks  
  14  1:05  Supply Depot  
  14  1:13  Refinery  
  14  1:32  SCV  
  15  1:36  Marine  
  16  1:44  SCV  
  17  1:56  SCV  
  18  2:08  SCV  
  18  2:11  Marine  
  20  2:20  SCV  
  21  2:33  SCV  
  22  2:46  Orbital Command  
  22  2:47  Marine  
  23  6:01  SCV  
  23  6:02  Marine  
  25  6:04  Factory  
  25  6:07  Supply Depot  
  25  6:09  Command Center  
  25  6:29  SCV  
  25  6:31  Supply Depot  
  26  6:34  Barracks Tech Lab  
  26  6:41  SCV  
  25  6:49  Starport  
  25  6:52  Marine  
  25  6:53  SCV  
  26  7:05  SCV  
  27  7:22  SCV  
  28  7:24  Marine  
  28  7:29  SCV  
  30  7:32  Refinery, Starport Tech Lab  
  30  7:33  Refinery  
  30  7:36  SCV  
  31  7:44  SCV  
  32  7:51  SCV  
  33  7:52  Raven  
  33  7:57  Marauder  
  33  7:58  SCV  
  38  8:05  SCV  
  39  8:12  SCV  
  40  8:19  SCV  
  42  8:27  SCV  
  42  8:29  Marine  
  44  8:34  SCV  
  44  8:35  Raven  
  47  8:41  SCV  
  48  8:48  SCV  
  49  8:55  SCV  
  50  9:02  SCV  
  50  11:06  Medivac  
  50  11:07  Marauder  
  50  11:08  Supply Depot  
  54  11:31  Hellion  
  56  11:33  Supply Depot  
  56  11:36  Medivac  
  48  11:54  Marine, Factory Tech Lab  
  49  12:06  Raven  
  51  12:13  Command Center  
  51  12:18  Marine  
  52  12:41  Marine  
  53  12:49  Raven  
  55  13:05  Marine  
  56  13:29  Siege Tank  
  56  13:31  Raven  
  61  13:41  Refinery  
  61  13:42  Refinery  
  61  13:53  Marauder  
  63  16:32  Marine  
  55  16:33  Medivac  
  55  16:37  SCV  
  46  16:44  SCV  
  36  16:49  Supply Depot  
  36  16:52  SCV  
  33  16:59  SCV  
  34  17:07  Command Center  
  28  17:14  SCV  
  25  17:27  Supply Depot  
  25  17:29  Supply Depot  
Tags
 
Add a new tag
Caveats
  • Supply blocks, unpowered buildings, or Contaminate may cause inaccurate times.
  • Supply counts are checked every 10 seconds.